 Dungeon Sprint DCSS version 0.22.1-1-ga44c0e56f4 (webtiles) character file.

193 MuseOD the Destroyer (level 5, -2/38 HPs)
             Began as a Draconian Conjurer on Oct 4, 2018.
             Was a Believer of Sif Muna.
             Slain by a tarantella (15 damage)
             ... in the Dungeon (Sprint V: "Ziggurat Sprint").
             The game lasted 00:01:30 (242 turns).

MuseOD the Destroyer (Draconian Conjurer)            Turns: 242, Time: 00:01:31

Health: -2/38      AC:  5    Str: 10    XL:     5   Next: 43%
Magic:  1/12       EV:  7    Int: 29    God:    Sif Muna [**....]
Gold:   0          SH:  0    Dex: 11    Spells: 4/14 levels left

rFire    . . .     SeeInvis .   w - +5 demon whip
rCold    . . .     Gourm    .   (no shield)
rNeg     . . .     Faith    .   (armour unavailable)
rPois    .         Spirit   .   (helmet restricted)
rElec    .         Reflect  .   (no cloak)
rCorr    .         Harm     .   (no gloves)
MR       .....     NoTele   +   (no boots)
Stlth    ++........             (no amulet)
HPRegen  0.12/turn              y - +6 ring of intelligence
MPRegen  0.13/turn              z - +6 ring of intelligence

@: held
A: unfitting armour, cold-blooded, AC +5
a: Divine Energy, Renounce Religion


You were in the Dungeon.
You worshipped Sif Muna.
Sif Muna was pleased with you.
You were not hungry.

You visited 1 branch

Inventory:

Hand Weapons
 w - a +5 demon whip (weapon)
Jewellery
 y - a +6 ring of intelligence (left hand)
 z - a +6 ring of intelligence (right hand)
Wands
 t - a wand of disintegration (7)
 u - a wand of iceblast (7)
 v - a wand of acid (7)
Scrolls
 h - 4 scrolls of blinking
 n - 4 scrolls of amnesia
 o - 7 scrolls of fog
 p - a scroll of holy word
 q - 5 scrolls of identify
 r - 5 scrolls of remove curse
 s - 2 scrolls of fear
Potions
 a - 2 potions of brilliance
 c - 10 potions of curing
 d - 10 potions of heal wounds
 e - 6 potions of haste
 f - 7 potions of magic
 g - 3 potions of berserk rage
 i - 2 potions of invisibility
 j - 4 potions of resistance
 l - 5 potions of agility
 m - 5 potions of might
Comestibles
 b - 7 rations


   Skills:
 - Level 4.0 Maces & Flails
 + Level 3.0 Dodging
 + Level 2.8 Stealth
 * Level 5.0 Spellcasting
 + Level 10.2 Conjurations


You had 4 spell levels left.
You knew the following spells:

 Your Spells              Type           Power        Failure   Level  Hunger
a - Magic Dart            Conj           ####         1%          1    None
b - Searing Ray           Conj           ######       1%          2    None
c - Iskenderun's Mystic   Conj           ######..     1%          4    ###....
d - Dazzling Spray        Conj/Hex       #####.       2%          3    #......

Your spell library contained the following spells:

 Spells                   Type           Power        Failure   Level  Hunger
 Force Lance              Conj/Tloc      #####...     8%          4    ###....
 Fulminant Prism          Conj/Hex       #####.....   8%          4    ###....


Dungeon Overview and Level Annotations

Branches:
Dungeon (1/1)

Altars:
Ashenzari
Cheibriados
Dithmenos
Elyvilon
Fedhas
Gozag
Hepliaklqana
Kikubaaqudgha
Makhleb
Nemelex Xobeh
Okawaru
Qazlal
Ru
Sif Muna
Trog
Uskayaw
Vehumet
Wu Jian
Xom
Yredelemnul
Zin
The Shining One
Beogh
Jiyva
Lugonu

Annotations:
D 1 transporter


Innate Abilities, Weirdness & Mutations

Your plain brown scales are hard. (AC +5)
You cannot fit into any form of body armour.
You are cold-blooded and may be slowed by cold attacks.


Message History

The jumping spider is heavily wounded.
You strike the helpless jumping spider from behind!
You hit the jumping spider.
The jumping spider is heavily wounded.
The jumping spider is no longer blind.
The jumping spider barely misses you.
The jumping spider bites you but does no damage.
The jumping spider pounces on you!
* * * LOW HITPOINT WARNING * * *
You are caught in a web!
The jumping spider barely misses you. The jumping spider pounces on you.
* * * LOW HITPOINT WARNING * * *
You are caught in a web!
The jumping spider bites you but does no damage.
Okay, then.
You feel much better.
The tarantella bites you but does no damage.
The jumping spider pounces on you!
The jumping spider bites you but does no damage.
The tarantella bites you!
You die...

▓▓▓▓▓▓▓▓▓▓▓▓▓
▓.8©8.▓.8©8.▓
▓.|?=.▓.....▓
▓..s..▓.}.[.▓
▓.....▓..)..▓
▓.....▓.....▓
▓.s...▓.)©..▓
▓.s@..▓▓▓▓▓▓▓
▓▓▓▓▓▓▓


You could see a jumping spider, a tarantella (blind) and a scorpion (blind).

Vanquished Creatures
  Sigmund (D)
  Jessica (D)
2 creatures vanquished.

Notes
Turn   | Place    | Note
-------+----------+-------------------------------------------
     0 | D        | Found the +6 Majin-Bo {vamp, Archmagi MP+6 Int+6}
     0 | D        | Found the +7 great mace "Firestarter" {inner flame, rF++}
     0 | D        | MuseOD the Draconian Conjurer began the quest for the Orb.
     0 | D        | Reached XP level 1. HP: 14/14 MP: 3/3
     0 | D        | Found a deep blue altar of Sif Muna.
     0 | D        | Found a bloodstained altar of Trog.
     0 | D        | Found a sacrificial altar of Ru.
     0 | D        | Found a stormy altar of Qazlal.
     0 | D        | Found an iron altar of Okawaru.
     1 | D        | Found a sparkling altar of Nemelex Xobeh.
     1 | D        | Found a blossoming altar of Fedhas.
     3 | D        | Found a transporter.
     3 | D        | Found an ancient bone altar of Kikubaaqudgha.
     3 | D        | Found a viscous altar of Jiyva.
     3 | D        | Found a corrupted altar of Lugonu.
     3 | D        | Found a hazy altar of Hepliaklqana.
     3 | D        | Found a burning altar of Makhleb.
     3 | D        | Found an opulent altar of Gozag.
    19 | D        | Became a worshipper of Sif Muna the Loreminder
    42 | D        | Reached * piety under Sif Muna
    42 | D        | Reached skill level 5 in Conjurations
    42 | D        | Reached XP level 2. HP: 20/20 MP: 4/7
    46 | D        | Learned a level 2 spell: Searing Ray
    80 | D        | Entered arena 2.
    80 | D        | Noticed Sigmund
    80 | D        | Noticed Jessica
    80 | D        | Found a transporter.
    84 | D        | Killed Sigmund
    84 | D        | Reached ** piety under Sif Muna
    84 | D        | Reached skill level 5 in Spellcasting
    84 | D        | Reached skill level 9 in Conjurations
    84 | D        | Reached XP level 3. HP: 17/26 MP: 3/9
    84 | D        | Reached XP level 4. HP: 22/33 MP: 3/11
    84 | D        | Reached XP level 5. HP: 25/38 MP: 3/12
    86 | D        | Killed Jessica
    86 | D        | Reached skill level 10 in Conjurations
   227 | D        | Learned a level 4 spell: Iskenderun's Mystic Blast
   231 | D        | Learned a level 3 spell: Dazzling Spray
   233 | D        | Entered arena 3.
   233 | D        | Noticed a tarantella
   233 | D        | Noticed a jumping spider
   233 | D        | Found a transporter.
   242 | D        | Slain by a tarantella

Skill      XL: |  1  2  3  4  5 |
---------------+----------------+-----
Maces & Flails | 4 |  4.0
Spellcasting   | 4 5 |  5.0
Conjurations   | 5 9 10 | 10.2
Dodging        | 3 |  3.0
Stealth        | 2 |  2.8

Action                   |  1- 3 |  4- 6 || total
-------------------------+-------+-------++-------
Melee: Demon whip        |       |     3 ||     3
 Cast: Searing Ray       |     1 |       ||     1
       Dazzling Spray    |       |     4 ||     4
       Magic Dart        |       |     2 ||     2
  Use: Potion            |     1 |     1 ||     2
 Stab: Invisible         |       |     2 ||     2
Armor: Skin              |     1 |     5 ||     6
Dodge: Dodged            |     1 |    10 ||    11
